 Dungeon Crawl Stone Soup version 0.30.1 (webtiles) character file.

Game seed: 4919135000584148312

59798 GeoRichter the Stormcaller (level 14, -4/96 HPs)
             Began as a Tengu Air Elementalist on July 10, 2023.
             Was an Initiate of Gozag.
             Slain by a death yak (21 damage)
             ... in a Gauntlet on July 11, 2023.
             The game lasted 01:04:11 (36826 turns).

GeoRichter the Stormcaller (TeAE)                  Turns: 36826, Time: 01:04:12

Health: -4/96      AC: 18    Str:  9    XL:     14   Next: 96%
Magic:  14/29      EV: 17    Int: 25    God:    Gozag
Gold:   2635       SH:  5    Dex: 19    Spells: 21/33 levels left

rFire   . . .        v - +2 whip (vamp) {!w}
rCold   + . .        S - +0 buckler {rC+}
rNeg    + . .        M - +0 swamp dragon scales
rPois   +            g - +0 hat {Will+}
rElec   .            H - +2 cloak
rCorr   .            z - +2 pair of gloves {Dex+3}
SInv    .            (boots unavailable)
Will    +++++        p - amulet of the Four Winds {rN+ Will+++ Clar}
Stlth   ++           I - +6 ring of intelligence
HPRegen 0.36/turn    A - +4 ring of protection
MPRegen 0.21/turn

%: no teleportation, clarity
@: brilliant, flying quickly and evasively, hasted, studying Summonings, very
quick
A: beak, talons 3, nimble flight
a: Renounce Religion, Potion Petition, Call Merchant, Bribe Branch


You were in a Gauntlet.
You worshipped Gozag.
Gozag was most pleased with you.
You visited 3 branches of the dungeon, and saw 20 of its levels.
You also visited: Sewer, Bailey, Gauntlet and Ice Cave.

You collected 7679 gold pieces.
You spent 2360 gold pieces at shops.
You paid 2684 gold pieces to Gozag.

Inventory:

Hand Weapons
 j - a +1 quarterstaff
   (You found it on level 1 of the Dungeon)
 v - a +2 vampiric whip (weapon) {!w}
   (You took it off a gnoll on level 3 of the Dungeon)
 y - the +5 dagger "Wifi" {vamp, rF+}
   (You took it off a kobold demonologist on level 12 of the Dungeon)

   rF:        It protects you from fire.
Missiles
 L - a throwing net {!f}
Armour
 a - the +2 fire dragon scales "Cafeac" {rF++ rC- Dex+4}
   (You found it in a bailey)

   Dex:       It affects your dexterity (+4).
   rF:        It greatly protects you from fire.
   rC:        It makes you vulnerable to cold.
 c - the -2 pair of gloves "Edyzar" {Drain rElec rF++ Regen+}
   (You found it in a Gauntlet)

   rF:        It greatly protects you from fire.
   rElec:     It insulates you from electricity.
   Regen:     It increases your rate of health regeneration.
   Drain:     It drains your maximum health when unequipped.
 g - a +0 hat of willpower (worn)
   (You took it off Gastronok on level 10 of the Dungeon)
 h - an orb of mayhem
   (You found it on level 1 of the Dungeon)
 z - a +2 pair of gloves of dexterity (worn)
   (You found it in a bailey)
 H - a +2 cloak (worn)
   (You took it off Crazy Yiuf on level 5 of the Dungeon)
 M - +0 swamp dragon scales (worn)
   (You took it off Maggie on level 7 of the Dungeon)
 S - a +0 buckler of cold resistance (worn)
   (You found it in an ice cave)
Jewellery
 p - the amulet of the Four Winds (around neck) {rN+ Will+++ Clar}
   (You bought it in a shop on level 10 of the Dungeon)

   [amulet of nothing]

   rN:        It protects you from negative energy.
   Clar:      It protects you from confusion, rage, mesmerisation and fear.
   Will:      It greatly increases your willpower.
 A - a +4 ring of protection (right hand)
   (You found it on level 2 of the Lair of Beasts)
 C - a ring of ice
   (You found it on level 4 of the Dungeon)
 G - a ring of protection from fire
   (You found it on level 2 of the Lair of Beasts)
 I - a +6 ring of intelligence (left hand)
   (You found it on level 6 of the Dungeon)
Wands
 k - a wand of roots (8)
   (You found it on level 2 of the Lair of Beasts)
 t - a wand of polymorph (7)
   (You found it on level 8 of the Dungeon)
 u - a wand of digging (9)
   (You took it off Terence on level 3 of the Dungeon)
 B - a wand of flame (16)
   (You took it off Ijyb on level 4 of the Dungeon)
Scrolls
 d - 2 scrolls of enchant weapon
 i - a scroll of fog
 l - 3 scrolls of amnesia
 m - 2 scrolls of torment {!r}
 n - 3 scrolls of vulnerability {!r}
 q - 3 scrolls of noise {!r}
 s - a scroll of silence
 w - 2 scrolls of poison {!r}
 x - a scroll of enchant armour
 N - 3 scrolls of teleportation {@r4}
 P - 2 scrolls of immolation {!r}
Potions
 b - 5 potions of attraction {!q}
 e - 3 potions of ambrosia {unknown}
 o - 2 potions of haste {@q3}
 r - 13 potions of curing {@q1}
 D - a potion of brilliance
 E - 4 potions of berserk rage
 F - a potion of resistance {unknown}
 J - 2 potions of cancellation
 K - 2 potions of lignification {!q}
 O - a potion of flight {unknown}
 Q - a potion of mutation {!q}
 T - a potion of heal wounds {@q2}
Miscellaneous
 R - a phantom mirror
   (You found it in a bailey)


   Skills:
 - Level 14.0 Fighting
 - Level 3.0 Armour
 - Level 9.0 Dodging
 - Level 2.0 Stealth
 + Level 2.6 Shields
 + Level 10.1 Spellcasting
 - Level 14.0 Conjurations
 * Level 6.9 Summonings
 - Level 6.0 Fire Magic
 - Level 15.0 Air Magic
 - Level 3.0 Evocations


You had 21 spell levels left.
You knew the following spells:

 Your Spells              Type           Power      Damage    Failure   Level
a - Shock                 Conj/Air       100%       1d9       1%          1
b - Static Discharge      Conj/Air       100%       2-7/arc   1%          2
c - Airstrike             Air            46%        2d(7-23)  1%          4
d - Fireball              Conj/Fire      38%        3d16      9%          5

Your spell library contained the following spells:

 Spells                   Type           Power      Damage    Failure   Level
 Foxfire                  Conj/Fire      100%       2x1d9     1%          1
 Summon Small Mammal      Summ           100%       N/A       1%          1
 Swiftness                Air            92%        N/A       1%          3
 Call Canine Familiar     Summ           63%        N/A       3%          3
 Sticky Flame             Conj/Fire      76%        2d9       3%          4
 Summon Guardian Golem    Hex/Summ       45%        N/A       14%         3
 Necrotise                Necr           76%        1d7       21%         1
 Ignite Poison            Fire/Tmut/Pois 34%        N/A       26%         3
 Silence                  Hex/Air        33%        N/A       26%         5
 Plasma Beam              Fire/Air       39%        2x1d57    38%         6
 Starburst                Conj/Fire      38%        6d11      45%         6
 Portal Projectile        Hex/Tloc       38%        N/A       52%         3
 Tukima's Dance           Hex            19%        N/A       52%         3
 Vampiric Draining        Necr           19%        2d7       52%         3
 Summon Forest            Summ/Tloc      22%        N/A       78%         5
 Summon Cactus Giant      Summ           31%        N/A       87%         6
 Leda's Liquefaction      Hex/Erth       9%         N/A       89%         4
 Passage of Golubria      Tloc           19%        N/A       89%         4
 Agony                    Necr           19%        N/A       99%         5
 Yara's Violent Unravell  Hex/Tmut       9%         3d6       99%         5
 Eringya's Noxious Bog    Tmut/Pois      9%         N/A       100%        6
 Haunt                    Necr/Summ      22%        N/A       100%        7
 Summon Hydra             Summ           31%        N/A       100%        7
 Ignition                 Fire           29%        3d9       100%        8
 Infestation              Necr           9%         N/A       100%        8
 Lehudib's Crystal Spear  Conj/Erth      32%        10d8      100%        8
 Chain Lightning          Conj/Air       45%        3d60      100%        9
 Fire Storm               Conj/Fire      38%        8d10      100%        9
 Shatter                  Erth           9%         3d11*     100%        9
 Animate Dead             Necr           Unusable   N/A       N/A         4

Dungeon Overview and Level Annotations

Branches:
Dungeon (13/15) Zot: 26822  Temple (0/1) D:7            Lair (5/5) D:10 Zot: 20171
  Swamp (0/4) Lair:2        Snake (0/4) Lair:3        Slime (0/5) Lair:4
    Orc (2/2) D:9 Zot: 6815     Elf (0/3) Orc:2         Sewer (visited)
 Bailey (visited)           IceCv (visited)         Gauntlet (1/1) Zot: 5235
 Vaults: D:13-14

Altars:
Ashenzari
Cheibriados
Dithmenos
Fedhas
Gozag
Nemelex Xobeh
Okawaru
Qazlal
Ru
Trog
Vehumet
Xom
Yredelemnul
Zin
The Shining One
Jiyva

Shops:
D:6 !   D:9 !=(   D:10 ===   D:11 :   Orc:1 :   Orc:2 *([[(

Annotations:
D:12 1 runed translucent door
Lair:3 3 runed translucent doors, Jimeuqug's ghost, journeyman MiFi; Juurud's ghost, journeyman MfGl Gauntlet 9 transporters


Innate Abilities, Weirdness & Mutations

You have a beak for a mouth.
You have claws for feet.
Your magical nature lets you fly swiftly and evasively.


Message History

You are struck by an arc of lightning.
* * * LOW HITPOINT WARNING * * *
The death yak is struck by an arc of lightning!
The death yak is severely wounded.
The lightning grounds out.
The death yak is struck by an arc of lightning!
The death yak is severely wounded.
You are struck by an arc of lightning.
* * * LOW HITPOINT WARNING * * *
The death yak is struck by an arc of lightning.
The death yak is almost dead.
The lightning grounds out.
The death yak gores you but does no damage.
The death yak misses you.
Unknown command.
You feel yourself speed up.
The death yak gores you but does no damage.
The death yak misses you.
You feel clever all of a sudden.
The death yak gores you but does no damage.
The death yak gores you.
* * * LOW HITPOINT WARNING * * *
Casting: Static Discharge (safe; 1% risk of failure)
Confirm with . or Enter, or press ? or * to list all spells.
You feel a surge of power!
The death yak is struck by an arc of lightning.
The death yak is moderately wounded.
You are struck by an arc of lightning.
* * * LOW HITPOINT WARNING * * *
The lightning grounds out.
The death yak is struck by an arc of lightning!
The death yak is almost dead.
You are struck by an arc of lightning.
* * * LOW HITPOINT WARNING * * *
The lightning grounds out.
Unknown command.
Casting: Static Discharge (safe; 1% risk of failure)
Confirm with . or Enter, or press ? or * to list all spells.
You feel a surge of power!
The death yak is struck by an arc of lightning.
The death yak is almost dead.
You are struck by an arc of lightning.
* * * LOW HITPOINT WARNING * * *
The death yak is struck by an arc of lightning.
The death yak is moderately wounded.
The lightning grounds out.
The death yak gores you but does no damage.
The death yak gores you!!
You die...
Your body crumbles into a pile of gold.

............ ### ### ###
### ##########
##≈###≈###≈###≈###.........
#≈≈≈#≈≈≈#≈≈≈#≈≈≈#..♣P......
##≈....................∩...
##.P♣P..♣P.P♣P..♣P........
##≈........................
#≈≈.#########.#########.###
##≈.##.#©#@##.#.![©##.#.#Y[
##.#$#.#Y#Y#.##[.##..#.#Y#
##≈.##.#Y#.##.###.#...#.#Y#
#≈≈.#.#.#©#.#.#3##.##.#.#..
##≈.##.#.#.##.#3..#.###.#.#
##.#.#.#.#.#.#..##..##.#.#
##≈.##.#.#.##.#.##23..#.#..
#≈≈.###################.###
##≈....#©....©....©#.......


You could see 3 death yaks and 2 neqoxecs.

Vanquished Creatures
  Gastronok (D:10)
  Snorg (D:12)
  A catoblepas (Gauntlet)
  A two-headed ogre (Orc:2)
  3 death yaks (Lair:3)
  Urug (D:12)
  Nergalle (Orc:1)
  A deep elf pyromancer (D:12)
  Pikel (D:4)
  A necromancer (Gauntlet)
  10 orc knights
  An oklob plant (Lair:5)
  2 orc sorcerers
  2 manticores
  3 ugly things
  A worldbinder (Gauntlet)
  3 cyclopes
  6 elephants (Lair:3)
  Maurice (D:8)
  Joseph (D:7)
  6 black mambas
  A kobold demonologist (D:12)
  3 gargoyles
  2 rime drakes
  Maggie (D:7)
  7 komodo dragons
  Psyche (D:12)
  8 cane toads
  4 trolls
  A polar bear (Lair:4)
  5 hornets
  12 dream sheep (Lair:4)
  A raiju (shapeshifter) (D:13)
  14 blink frogs
  3 slime creatures (D:12)
  38 yaks
  9 wyverns
  A dire elephant simulacrum (IceCv)
  A shadow (D:12)
  A vampire (D:12)
  2 wraiths
  8 basilisks
  Eustachio (D:6)
  5 vampire mosquitoes (D:11)
  A redback (Lair:5)
  A steam dragon (D:10)
  Menkaure (D:7)
  4 wargs
  A naga (Lair:3)
  4 acid dragons
  Edmund (D:6)
  12 water moccasins
  Duvessa (D:4)
  Pargi (Sewer)
  2 ice beasts
  A black bear (D:7)
  43 orc warriors
  3 boggarts (Gauntlet)
  6 sky beasts
  5 wolves (Lair:5)
  7 ogres
  8 centaurs
  2 phantoms
  11 bullfrogs
  5 kobold brigands
  Blork the orc (D:6)
  3 scorpions
  9 wights
  Dowan (D:4)
  46 killer bees
  An electric eel (Lair:3)
  3 howler monkeys (D:12)
  2 jellies
  17 orc priests
  Crazy Yiuf (D:5)
  A gnoll bouda (D:8)
  A hound (D:5)
  3 iguanas
  Ijyb (D:4)
  Terence (D:3)
  2 sleepcaps
  Natasha (thrice) (D:4)
  10 orc wizards
  6 hell rats (Lair:1)
  2 polar bear simulacra (IceCv)
  A wolf simulacrum (IceCv)
  11 gnolls
  8 adders
  A shadow imp (D:5)
  13 white imps
  2 worms (D:4)
  2 dart slugs
  80 orcs
  10 ball pythons
  3 endoplasms
  7 giant cockroaches
  4 goblins
  8 hobgoblins
  2 jackals (D:4)
  4 quokkas (D:1)
  7 bats
  2 goblin skeletons (D:5)
  A goblin zombie (D:5)
  4 hobgoblin zombies (D:5)
  18 kobolds
  A kobold zombie (D:5)
  4 rats
604 creatures vanquished.

Vanquished Creatures (collateral kills)
  An ugly thing (IceCv)
  A blink frog (Lair:3)
  A floating eye (Lair:1)
3 creatures vanquished.

Grand Total: 607 creatures vanquished

Notes
Turn   | Place    | Note
-------+----------+-------------------------------------------
     0 | D:1      | GeoRichter the Tengu Air Elementalist began the quest for
                  | the Orb.
     0 | D:1      | Reached XP level 1. HP: 10/10 MP: 4/4
   120 | D:1      | Reached XP level 2. HP: 15/15 MP: 3/6
   148 | D:1      | You fall into a shaft and drop 1 floor!
   593 | D:1      | Reached skill level 5 in Air Magic
   694 | D:1      | Reached XP level 3. HP: 19/19 MP: 5/7
   697 | D:1      | Learned a level 2 spell: Static Discharge
  2104 | D:3      | Reached XP level 4. HP: 24/24 MP: 0/8
  2108 | D:3      | Noticed an ogre
  2214 | D:2      | Learned a level 4 spell: Airstrike
  2554 | D:3      | Found a shadowy altar of Dithmenos.
  2567 | D:3      | Reached skill level 6 in Air Magic
  2740 | D:3      | Noticed Terence
  2752 | D:3      | Killed Terence
  2850 | D:3      | Found a bloodstained altar of Trog.
  2890 | D:3      | Gained mutation: Your magical nature lets you fly swiftly
                  | and evasively. [Tengu growth]
  2890 | D:3      | Reached XP level 5. HP: 28/28 MP: 6/9
  3060 | D:3      | Killed an ogre
  3061 | D:3      | Reached skill level 7 in Air Magic
  3061 | D:3      | Reached XP level 6. HP: 32/32 MP: 5/10
  3237 | D:4      | Found an opulent altar of Gozag.
  3237 | D:4      | Noticed Pikel
  3243 | D:4      | Noticed Duvessa
  3244 | D:4      | Killed Pikel
  3245 | D:4      | Reached skill level 5 in Conjurations
  3245 | D:4      | Reached skill level 8 in Air Magic
  3245 | D:4      | Reached XP level 7. HP: 36/36 MP: 2/13
  3406 | D:4      | Noticed Dowan
  3442 | D:4      | Killed Duvessa
  3443 | D:4      | Reached skill level 9 in Air Magic
  3443 | D:4      | Killed Dowan
  3484 | D:4      | Became a worshipper of Gozag Ym Sagoz the Greedy
  3782 | D:4      | Reached XP level 8. HP: 41/41 MP: 12/14
  3860 | D:4      | Noticed Ijyb
  3863 | D:4      | Killed Ijyb
  4202 | D:4      | Noticed Natasha
  4219 | D:4      | Killed Natasha
  4220 | D:4      | Noticed Natasha
  4559 | D:4      | Killed Natasha
  4679 | D:4      | Found an opulent altar of Gozag.
  4829 | D:4      | Noticed Natasha
  4830 | D:4      | Killed Natasha
  5111 | D:5      | Entered Level 5 of the Dungeon
  5206 | D:5      | Found a glowing drain.
  5229 | Sewer    | Entered a sewer
  5414 | Sewer    | Noticed Pargi
  5421 | Sewer    | Killed Pargi
  5422 | Sewer    | Reached skill level 10 in Air Magic
  5568 | D:5      | Found a sparkling altar of Nemelex Xobeh.
  5612 | D:5      | Found a broken altar of Ashenzari.
  5784 | D:5      | Found a glowing golden altar of the Shining One.
  6088 | D:5      | Found a runed translucent door.
  6089 | D:5      | Noticed Crazy Yiuf
  6396 | D:5      | Killed Crazy Yiuf
  6458 | D:6      | Noticed Eustachio
  6461 | D:6      | Killed Eustachio
  6462 | D:6      | Noticed Edmund
  6464 | D:6      | Noticed Blork the orc
  6726 | D:6      | Found a glowing silver altar of Zin.
  6786 | D:6      | Reached skill level 5 in Spellcasting
  6786 | D:6      | Reached skill level 11 in Air Magic
  6822 | D:6      | Found Sytogiet's Distillery.
  6828 | D:6      | Bought a potion of curing for 36 gold pieces
  6828 | D:6      | Bought a potion of curing for 36 gold pieces
  6828 | D:6      | Bought a potion of heal wounds for 60 gold pieces
  6828 | D:6      | Bought a potion of haste for 120 gold pieces
  6828 | D:6      | Bought a potion of cancellation for 96 gold pieces
  6828 | D:6      | Bought a potion of lignification for 36 gold pieces
  6828 | D:6      | Bought a potion of degeneration for 12 gold pieces
  6828 | D:6      | Bought a potion of attraction for 36 gold pieces
  7153 | D:6      | Killed Edmund
  7154 | D:6      | Reached XP level 9. HP: 45/45 MP: 3/17
  7529 | D:6      | Killed Blork the orc
  7751 | D:6      | Reached skill level 12 in Air Magic
  7882 | D:6      | Reached skill level 1 in Fighting
  7938 | D:6      | Found an iron altar of Okawaru.
  8115 | D:6      | Found a sacrificial altar of Ru.
  8126 | D:6      | Found a basalt altar of Yredelemnul.
  8391 | D:7      | Found a staircase to the Ecumenical Temple.
  8472 | D:7      | Noticed Joseph
  8476 | D:7      | Killed Joseph
  8725 | D:7      | Reached skill level 13 in Air Magic
  9159 | D:7      | Reached XP level 10. HP: 56/56 MP: 1/20
  9790 | D:7      | Noticed Maggie
  9794 | D:7      | Killed Maggie
  9795 | D:7      | Reached skill level 14 in Air Magic
  9922 | D:7      | Noticed Menkaure
  9928 | D:7      | Killed Menkaure
 10465 | D:8      | Paralysed by a hornet for 3 turns
 11598 | D:8      | Reached skill level 5 in Fighting
 11598 | D:8      | Reached skill level 15 in Air Magic
 11730 | D:8      | Noticed Maurice
 11774 | D:8      | Killed Maurice
 11775 | D:8      | Reached skill level 1 in Armour
 12135 | D:9      | Found Pafovviv's Weapon Boutique.
 12137 | D:9      | Found a staircase to the Orcish Mines.
 12176 | D:9      | Found Ocaokin's Distillery.
 12222 | D:9      | Found a flagged portal.
 12249 | Bailey   | Entered a bailey
 12365 | Bailey   | Reached XP level 11. HP: 64/64 MP: 8/23
 12715 | Bailey   | Identified the +2 fire dragon scales "Cafeac" {rF++ rC-
                  | Dex+4}
 12724 | Bailey   | Found an iron altar of Okawaru.
 12811 | D:9      | Found a snail-covered altar of Cheibriados.
 12950 | D:9      | Found a blossoming altar of Fedhas.
 13250 | D:9      | Found a shimmering altar of Xom.
 13653 | D:10     | Entered Level 10 of the Dungeon
 13664 | D:10     | Found Nuazo's Jewellery Shoppe.
 13679 | D:10     | Found a stormy altar of Qazlal.
 14155 | D:10     | Noticed Gastronok
 14602 | D:10     | Killed Gastronok
 15225 | D:10     | Reached skill level 1 in Evocations
 15229 | D:10     | Reached skill level 5 in Dodging
 15473 | D:10     | Found a staircase to the Lair.
 15485 | D:10     | Paralysed by a hornet for 3 turns
 15640 | D:10     | Bought the amulet of the Four Winds {rN+ Will+++ Clar} for
                  | 728 gold pieces
 15640 | D:10     | Found the amulet of the Four Winds {rN+ Will+++ Clar}
 15660 | Lair:1   | Entered Level 1 of the Lair of Beasts
 16001 | Lair:1   | Reached XP level 12. HP: 76/76 MP: 3/25
 16239 | Lair:1   | You are sucked into a shaft and drop 1 floor!
 17315 | Lair:2   | Noticed a skyshark
 17440 | Lair:1   | a skyshark changed into a floating eye
 17594 | Lair:2   | Reached skill level 10 in Fighting
 18327 | Lair:2   | Found a staircase to the Swamp.
 18753 | Lair:3   | Noticed a death yak
 18756 | Lair:3   | Noticed a death yak
 18758 | Lair:3   | Noticed a death yak
 18868 | Lair:3   | Killed a death yak
 18870 | Lair:3   | Killed a death yak
 18883 | Lair:3   | Killed a death yak
 19352 | Lair:3   | Found a staircase to the Snake Pit.
 20043 | Lair:3   | Found a runed translucent gate.
 20044 | Lair:3   | Found a runed translucent gate.
 20044 | Lair:3   | Found a runed translucent gate.
 20045 | Lair:3   | Noticed Juurud's ghost (journeyman MfGl)
 20045 | Lair:3   | Noticed Jimeuqug's ghost (journeyman MiFi)
 20362 | Lair:3   | Reached XP level 13. HP: 86/86 MP: 21/26
 21279 | Lair:4   | Found a staircase to the Slime Pits.
 21280 | Lair:4   | Found a viscous altar of Jiyva.
 21974 | Lair:4   | Reached skill level 10 in Conjurations
 22445 | Lair:4   | Found a radiant altar of Vehumet.
 22844 | Lair:5   | Entered Level 5 of the Lair of Beasts
 22996 | Lair:5   | Found a stormy altar of Qazlal.
 25685 | Lair:5   | Learned a level 5 spell: Fireball
 26005 | Orc:1    | Entered Level 1 of the Orcish Mines
 26145 | D:9      | Reached skill level 1 in Fire Magic
 26531 | Orc:2    | Entered Level 2 of the Orcish Mines
 26665 | Orc:2    | Found a staircase to the Elven Halls.
 26912 | Orc:2    | Reached XP level 14. HP: 70/94 MP: 7/28
 28949 | Orc:1    | Reached skill level 5 in Fire Magic
 30169 | Orc:2    | Found Juloq Bib's Armour Shoppe.
 30169 | Orc:2    | Found Qikoje's Weapon Boutique.
 30258 | Orc:2    | Found Peacsyaz's Weapon Shoppe.
 30258 | Orc:2    | Found Xilonob's Antique Armour Boutique.
 30297 | Orc:2    | Found Omore's Assorted Antiques.
 30593 | Orc:1    | Noticed Nergalle
 30597 | Orc:1    | Killed Nergalle
 31447 | Orc:1    | Found Emeyxkil's Self-Improvement Boutique.
 31576 | Orc:1    | Bought a manual of Summonings for 1200 gold pieces
 32863 | D:11     | Found Faox's Vocational Training.
 32919 | D:12     | Noticed Psyche
 33006 | D:12     | Identified the +5 dagger "Wifi" {vamp, rF+}
 33021 | D:12     | Killed Psyche
 33068 | D:12     | Noticed Snorg
 33222 | D:12     | Noticed Urug
 33222 | D:12     | Found a frozen archway.
 33231 | IceCv    | Entered an ice cave
 33399 | IceCv    | Found a transporter.
 33460 | D:12     | Killed Urug
 34286 | D:12     | Reached skill level 1 in Summonings
 34560 | D:12     | Reached skill level 1 in Shields
 34674 | D:12     | Killed Snorg
 35269 | D:12     | Reached skill level 5 in Summonings
 35273 | D:12     | Reached skill level 10 in Spellcasting
 35621 | D:12     | Found a runed translucent door.
 36032 | D:13     | Found a gate leading to a gauntlet.
 36037 | Gauntlet | Entered a Gauntlet
 36037 | Gauntlet | Found a transporter.
 36201 | Gauntlet | Found a transporter.
 36203 | Gauntlet | Found a transporter.
 36214 | Gauntlet | Found a transporter.
 36217 | Gauntlet | Found a transporter.
 36224 | Gauntlet | Found a transporter.
 36245 | Gauntlet | Found a transporter.
 36248 | Gauntlet | Noticed a cacodemon
 36257 | Gauntlet | Found a transporter.
 36260 | Gauntlet | Noticed a dire elephant
 36267 | Gauntlet | Found a transporter.
 36286 | Gauntlet | Found a transporter.
 36300 | Gauntlet | Found a transporter.
 36300 | Gauntlet | Found a transporter.
 36350 | Gauntlet | Found a transporter.
 36366 | Gauntlet | Found a transporter.
 36789 | Gauntlet | Identified the -2 pair of gloves "Edyzar" {Drain rElec rF++
                  | Regen+}
 36817 | Gauntlet | Got the Octavo of the Lethal Congregation
 36826 | Gauntlet | Slain by a death yak

Illustrated notes

Levels and vault maps discovered:
D:1:      wander_arrival_lonely_grave, layout_loops_cross, minmay_tromino_i2
D:2:      layout_loops_ring, dk_noncrumbling_4, amcnicky_mini_pool_small
D:3:      layout_basic, bloody_trog, grunt_dithmenos_smoke_and_mirrors,
          uniq_terence
D:4:      layout_basic, nicolae_gozag_seed_capital, uniq_ijyb, uniq_duvessa,
          uniq_natasha, uniq_pikel
D:5:      layout_basic, mainiacjoe_overflow_boulevard, old_standard_altar,
          nicolae_tso_besieged_by_evil, portal_sewer_entry_a,
          uniq_crazy_yiuf_cottage
D:6:      layout_loops_ring, okawaru_gym_becter, marbit_many_paths,
          amethyst_overflow_temple_binary, serial_shops, kennysheep_little_box,
          uniq_eustachio, uniq_edmund, uniq_blork_the_orc
D:7:      layout_basic, minmay_temple_entry_drinking_statues, uniq_maggie,
          uniq_menkaure, uniq_joseph
D:8:      layout_loops_ring, minmay_fractal_squares_diagonal_5, uniq_maurice
D:9:      layout_irregular_city, kennysheep_slug_shrine, amcnicky_altar_gilded,
          fedhas_altar_1, orc_david_3, serial_shops, shop, enter_bailey_2
D:10:     layout_loops_ring, grunt_qazlal_sundering, erik_lair_dragon,
          serial_shops, nicolae_shop_gaudy_bauble, uniq_gastronok
D:11:     layout_long_grid, nicolae_shop_vocational
D:12:     layout_basic, portal_ice_cave_entry_imps, nicolae_danse_macabre,
          uniq_urug, uniq_snorg, uniq_psyche
D:13:     minmay_textured_paths, layout_basic, gauntlet_entry_generic
Lair:1:   layout_chaotic_city, serial_bayou_lagoon_a
Lair:2:   layout_chaotic_city, swamp_mist
Lair:3:   layout_gridlike, guppyfry_snake_entry_garden,
          gammafunk_ghost_cemetery, beast_lair_carwin_11
Lair:4:   wad_woods_minihive, layout_gridlike, slime_entry_1, basic_altar,
          infiniplex_staircase_pool
Lair:5:   guppyfry_lair_end_dragon, layout_big_grid,
          hangedman_lair_tendril_chambers, chequers_serial_rivers_small_b,
          lemuel_oklob_altar, lemuel_fruit_fields
Orc:1:    layout_caves, nicolae_shop_self_help, uniq_nergalle
Orc:2:    st_orc_town, layout_diamond_mine, serial_shops, shop
Gauntlet: minmay_gauntlet_77_tree [minmay_gauntlet_arena_77_tiled_triplets,
          minmay_gauntlet_arena_77_broken_ladder,
          minmay_gauntlet_arena_77_squiggly,
          minmay_gauntlet_arena_77_chump_sandwich,
          minmay_gauntlet_arena_77_braids, minmay_gauntlet_arena_77_fan,
          minmay_gauntlet_arena_77_checkered, gauntlet_exit_hidden_loot]

Skill      XL: |  1  2  3  4  5  6  7  8  9 10 11 12 13 14 |
---------------+-------------------------------------------+-----
Conjurations   | 2 3 4 5 7 8 12 14 | 14.0
Air Magic      | 5 6 7 8 9 11 13 15 | 15.0
Spellcasting   | 3 5 6 7 8 9 10 | 10.1
Fighting       | 3 5 9 12 13 14 | 14.0
Armour         | 1 3 |  3.0
Dodging        | 3 5 8 9 |  9.0
Evocations     | 2 3 |  3.0
Fire Magic     | 2 6 |  6.0
Summonings     | 6 |  6.9
Shields        | 2 |  2.6
Stealth        | |  2.0

Action                     |  1- 3 |  4- 6 |  7- 9 | 10-12 | 13-15 || total
---------------------------+-------+-------+-------+-------+-------++-------
  Melee: Quarterstaff      |       |     4 |       |       |       ||     4
         Peck              |       |     1 |     9 |    38 |    59 ||   107
         Kick              |       |     1 |    10 |    51 |    94 ||   156
         Whip              |       |     1 |    35 |    99 |   183 ||   318
         Punch             |       |       |     1 |     1 |     3 ||     5
   Cast: Shock             |    72 |    29 |   139 |   266 |   312 ||   818
         Static Discharge  |     1 |     3 |    15 |    51 |   276 ||   346
         Airstrike         |       |     5 |    66 |   199 |   289 ||   559
         Fireball          |       |       |       |       |    11 ||    11
 Invoke: Call Merchant     |       |       |       |     2 |     1 ||     3
  Evoke: Wand              |       |       |     1 |    35 |    11 ||    47
         Phantom mirror    |       |       |       |     2 |     2 ||     4
    Use: Scroll            |     4 |       |     6 |    10 |    10 ||    30
         Potion            |       |     1 |     1 |     5 |     7 ||    14
   Stab: Distracted        |       |       |       |     1 |     2 ||     3
 Armour: Robe              |     5 |     2 |    18 |     2 |       ||    27
         Swamp dragon scal |       |       |       |    99 |   246 ||   345
  Dodge: Dodged            |     8 |    20 |    75 |   181 |   571 ||   855
  Block: Other             |       |       |       |    28 |       ||    28
         Reflection        |       |       |       |     3 |       ||     3
         Buckler           |       |       |       |       |    31 ||    31
